PAA
PHOENIX HOTSPUR YOUTH @ SALEM MISFITS
09/04/2028
 
TOP OF THE 1ST
Phoenix Hotspur Youth batting - Pitching for Salem Misfits : RHP Damien Hayward
Pitching: RHP Damien Hayward
Batting: RHB David Rivas 0-0: Ball
1-0: Ball
2-0: Ground out 6-3 (Groundball, 6S)
Batting: RHB Carl Tucker 0-0: Foul Ball, location: 2F
0-1: Ground out 1-3 (Groundball, 13S)
Batting: RHB Bernardo Rivera 0-0: Ball
1-0: Called Strike
1-1: Ground out 5-3 (Groundball, 56)
Top of the 1st over - 0 run(s), 0 hit(s), 0 error(s), 0 left on base; Phoenix Hotspur 0 - Salem 0
BOTTOM OF THE 1ST
Salem Misfits batting - Pitching for Phoenix Hotspur Youth : RHP Millard Dalton
Pitching: RHP Millard Dalton
Batting: LHB Rodrigo Gómez 0-0: Ball
1-0: Swinging Strike
1-1: Ball
2-1: Ball
3-1: Base on Balls
Batting: RHB Ramón Ávila 0-0: Called Strike
0-1: Grounds into double play, 5-4-3 (Groundball, 5L)
Batting: RHB Jorge Gómez 0-0: Called Strike
0-1: Ball
1-1: Fly out, F6 (Line Drive, 6)
Bottom of the 1st over - 0 run(s), 0 hit(s), 0 error(s), 0 left on base; Phoenix Hotspur 0 - Salem 0
TOP OF THE 2ND
Phoenix Hotspur Youth batting - Pitching for Salem Misfits : RHP Damien Hayward
Batting: RHB Julián De Paz 0-0: Called Strike
0-1: Ball
1-1: Fly out, F5 (Popup, 5L)
Batting: RHB Eric Conway 0-0: Ball
1-0: Foul Ball, location: 2F
1-1: Ball
2-1: Ball
3-1: Foul Ball, location: 2F
3-2: SOLO HOME RUN (Flyball, 9D), Distance : 383 ft
Batting: LHB António Escalante 0-0: Ball
1-0: Ball
2-0: Ball
3-0: Base on Balls
Batting: RHB Hieronymus Bosch 0-0: Ball
1-0: SINGLE (Groundball, 56D)
António Escalante to second
Batting: RHB Enrico Sánchez 0-0: Ball
1-0: Ball
2-0: Fly out, F8 (Flyball, 8LXD)
Runner from 2nd tags up, SAFE at 3rd, no throw
Batting: RHB Phillip Mendizabal 0-0: Ball
1-0: SINGLE (Groundball, 6MD)
António Escalante scores
Hieronymus Bosch to second
Batting: RHB David Rivas 0-0: Fly out, F3 (Flyball, 34D)
Top of the 2nd over - 2 run(s), 3 hit(s), 0 error(s), 2 left on base; Phoenix Hotspur 2 - Salem 0
BOTTOM OF THE 2ND
Salem Misfits batting - Pitching for Phoenix Hotspur Youth : RHP Millard Dalton
Batting: LHB Tyler Knopp 0-0: Ball
1-0: SINGLE (Groundball, 34D)
Batting: LHB Austin Hathaway 0-0: Called Strike
0-1: Ball
1-1: Ball
2-1: SINGLE (Line Drive, 56)
Tyler Knopp to second
Batting: LHB Cris Gonzáles 0-0: Ball
1-0: Ball
2-0: Ball
3-0: Foul Ball, location: 2F
3-1: Base on Balls
Tyler Knopp to third
Austin Hathaway to second
Batting: RHB Vicente Andros 0-0: Called Strike
0-1: Ball
1-1: Fly out, F8 (Flyball, 8LD)
Runner from 3rd tags up, SCORES, no throw
Batting: RHB Ryan Fiore 0-0: Ball
1-0: SINGLE (Groundball, 6MD)
Austin Hathaway to third
Cris Gonzáles to second
Batting: RHB Paul O'Neill 0-0: Fly out, F9 (Flyball, 9LS)
Batting: LHB Rodrigo Gómez 0-0: Ball
1-0: Foul Ball, location: 2F
1-1: Swinging Strike
1-2: Ball
2-2: Foul Ball, location: 2F
2-2: Ball
3-2: Base on Balls
Austin Hathaway scores
Cris Gonzáles to third
Ryan Fiore to second
Batting: RHB Ramón Ávila 0-0: Called Strike
0-1: Ball
1-1: SINGLE (Groundball, 34D)
Cris Gonzáles scores
Ryan Fiore to third
Rodrigo Gómez to second
Runner from 3rd tries for Home, SAFE, no throw
Batting: RHB Jorge Gómez 0-0: Foul Ball, location: 2F
0-1: Swinging Strike
0-2: DOUBLE (Line Drive, 78S)
Rodrigo Gómez scores
Ramón Ávila to third
Runner from 3rd tries for Home, SAFE, no throw
Batting: LHB Tyler Knopp 0-0: Ball
1-0: Foul Ball, location: 2F
1-1: Ground out 4-3 (Groundball, 4)
Bottom of the 2nd over - 6 run(s), 5 hit(s), 0 error(s), 1 left on base; Phoenix Hotspur 2 - Salem 6
TOP OF THE 3RD
Phoenix Hotspur Youth batting - Pitching for Salem Misfits : RHP Damien Hayward
Batting: RHB Carl Tucker 0-0: Called Strike
0-1: Ground out 5-3 (Groundball, 56)
Batting: RHB Bernardo Rivera 0-0: Fly out, F8 (Flyball, 78M)
Batting: RHB Julián De Paz 0-0: Fly out, F7 (Flyball, 78D)
Top of the 3rd over - 0 run(s), 0 hit(s), 0 error(s), 0 left on base; Phoenix Hotspur 2 - Salem 6
BOTTOM OF THE 3RD
Salem Misfits batting - Pitching for Phoenix Hotspur Youth : RHP Millard Dalton
Batting: LHB Austin Hathaway 0-0: Called Strike
0-1: Foul Ball, location: 2F
0-2: Fly out, F7 (Line Drive, 7S)
Batting: LHB Cris Gonzáles 0-0: Called Strike
0-1: SINGLE (Line Drive, 6D)
Batting: RHB Vicente Andros 0-0: Called Strike
0-1: Ball
1-1: Swinging Strike
1-2: Ball
2-2: Ball
3-2: Grounds into double play, 6-4-3 (Groundball, 6M)
Bottom of the 3rd over - 0 run(s), 1 hit(s), 0 error(s), 0 left on base; Phoenix Hotspur 2 - Salem 6
TOP OF THE 4TH
Phoenix Hotspur Youth batting - Pitching for Salem Misfits : RHP Damien Hayward
Batting: RHB Eric Conway 0-0: Swinging Strike
0-1: Ball
1-1: Ball
2-1: Called Strike
2-2: Strikes out swinging
Batting: LHB António Escalante 0-0: Swinging Strike
0-1: Ball
1-1: Swinging Strike
1-2: Strikes out looking
Batting: RHB Hieronymus Bosch 0-0: Ball
1-0: Foul Ball, location: 2F
1-1: SINGLE (Flyball, 78S)
Batting: RHB Enrico Sánchez 0-0: Called Strike
0-1: Fielders Choice at 2nd, 6-4 (Groundball, 6)
Top of the 4th over - 0 run(s), 1 hit(s), 0 error(s), 0 left on base; Phoenix Hotspur 2 - Salem 6
BOTTOM OF THE 4TH
Salem Misfits batting - Pitching for Phoenix Hotspur Youth : RHP Millard Dalton
Batting: RHB Ryan Fiore 0-0: Ground out 4-3 (Groundball, 4)
Batting: RHB Paul O'Neill 0-0: Called Strike
0-1: Fly out, F9 (Flyball, 89S)
Batting: LHB Rodrigo Gómez 0-0: Ball
1-0: Ground out U3 (Groundball, 34S)
Bottom of the 4th over - 0 run(s), 0 hit(s), 0 error(s), 0 left on base; Phoenix Hotspur 2 - Salem 6
TOP OF THE 5TH
Phoenix Hotspur Youth batting - Pitching for Salem Misfits : RHP Damien Hayward
Batting: RHB Phillip Mendizabal 0-0: Ball
1-0: Called Strike
1-1: Called Strike
1-2: SINGLE (Line Drive, 8LS)
Batting: RHB David Rivas 0-0: Ball
1-0: Called Strike
1-1: Foul Ball, location: 2F
1-2: Fly out, F9 (Flyball, 89M)
Batting: RHB Carl Tucker 0-0: Ball
1-0: Swinging Strike
1-1: Called Strike
1-2: Ball
2-2: SINGLE (Flyball, 6MD)
Phillip Mendizabal to second
Batting: RHB Bernardo Rivera 0-0: Ball
1-0: Foul Ball, location: 2F
1-1: Swinging Strike
1-2: Fly out, F9 (Flyball, 9S)
Batting: RHB Julián De Paz 0-0: Ball
1-0: Called Strike
1-1: Called Strike
1-2: Strikes out swinging
Top of the 5th over - 0 run(s), 2 hit(s), 0 error(s), 2 left on base; Phoenix Hotspur 2 - Salem 6
BOTTOM OF THE 5TH
Salem Misfits batting - Pitching for Phoenix Hotspur Youth : RHP Millard Dalton
Pitching: LHP Iván Vélez
Batting: RHB Ramón Ávila 0-0: Foul Ball, location: 2F
0-1: Ball
1-1: Foul Ball, location: 2F
1-2: Ball
2-2: Foul Ball, location: 2F
2-2: Ball
3-2: Strikes out looking
Batting: RHB Jorge Gómez 0-0: Swinging Strike
0-1: Ball
1-1: Called Strike
1-2: Strikes out swinging
Batting: LHB Tyler Knopp 0-0: Called Strike
0-1: Ball
1-1: Called Strike
1-2: Ball
2-2: Single, Error in OF, E9, batter to second base
Batting: LHB Austin Hathaway 0-0: Called Strike
0-1: Ground out U3 (Groundball, 34)
Bottom of the 5th over - 0 run(s), 1 hit(s), 1 error(s), 1 left on base; Phoenix Hotspur 2 - Salem 6
TOP OF THE 6TH
Phoenix Hotspur Youth batting - Pitching for Salem Misfits : RHP Damien Hayward
Batting: RHB Eric Conway 0-0: Ball
1-0: Ball
2-0: Foul Ball, location: 2F
2-1: Foul Ball, location: 2F
2-2: Ball
3-2: Ground out 5-3 (Groundball, 56S)
Batting: LHB António Escalante 0-0: Ball
1-0: Ball
2-0: Swinging Strike
2-1: Called Strike
2-2: SINGLE (Groundball, 34D)
Batting: RHB Hieronymus Bosch 0-0: Called Strike
0-1: Ball
1-1: DOUBLE (Line Drive, 78XD)
António Escalante to third
Batting: RHB Enrico Sánchez 0-0: Called Strike
0-1: Foul Ball, location: 2F
0-2: Ball
1-2: Ball
2-2: SINGLE (Flyball, 8RS)
António Escalante scores
Hieronymus Bosch to third
Batting: RHB Phillip Mendizabal 0-0: Ball
1-0: Called Strike
1-1: Ball
2-1: Ball
3-1: Base on Balls
Enrico Sánchez to second
Batting: RHB David Rivas 0-0: Fly out, F2 (Popup, 34S)
Batting: RHB Carl Tucker 0-0: SINGLE (Line Drive, 4D)
Hieronymus Bosch scores
Enrico Sánchez to third
Phillip Mendizabal to second
Batting: RHB Bernardo Rivera 0-0: Called Strike
0-1: Ball
1-1: Foul Ball, location: 2F
1-2: Foul Ball, location: 2F
1-2: Fielders Choice at 2nd, 6-4 (Groundball, 6)
Top of the 6th over - 2 run(s), 4 hit(s), 0 error(s), 2 left on base; Phoenix Hotspur 4 - Salem 6
BOTTOM OF THE 6TH
Salem Misfits batting - Pitching for Phoenix Hotspur Youth : LHP Iván Vélez
Batting: LHB Cris Gonzáles 0-0: Foul Ball, location: 2F
0-1: Foul Ball, location: 2F
0-2: Ball
1-2: Fly out, F7 (Flyball, 78M)
Batting: RHB Vicente Andros 0-0: Ball
1-0: Ball
2-0: Foul Ball, location: 2F
2-1: Ball
3-1: Called Strike
3-2: Foul Ball, location: 2F
3-2: Base on Balls
Batting: RHB Ryan Fiore 0-0: Called Strike
0-1: Swinging Strike
0-2: Strikes out looking
Batting: RHB Paul O'Neill 0-0: Called Strike
0-1: Called Strike
0-2: Ball
1-2: Hit by Pitch
Vicente Andros to second
Batting: LHB Rodrigo Gómez 0-0: Ball
1-0: Called Strike
1-1: Swinging Strike
1-2: Strikes out swinging
Bottom of the 6th over - 0 run(s), 0 hit(s), 0 error(s), 2 left on base; Phoenix Hotspur 4 - Salem 6
TOP OF THE 7TH
Phoenix Hotspur Youth batting - Pitching for Salem Misfits : RHP Damien Hayward
Batting: RHB Julián De Paz 0-0: Ball
1-0: Fly out, F4 (Popup, 3D)
Batting: RHB Eric Conway 0-0: Ball
1-0: Called Strike
1-1: Foul Ball, location: 2F
1-2: SINGLE (Groundball, 56D)
Batting: LHB António Escalante 0-0: 2-RUN HOME RUN (Flyball, 89XD), Distance : 403 ft
Pitching: LHP Suezo Amano
Batting: RHB Hieronymus Bosch 0-0: Called Strike
0-1: Ball
1-1: Ball
2-1: Ball
3-1: Base on Balls
Batting: RHB Enrico Sánchez 0-0: Foul Ball, location: 2F
0-1: Foul Ball, location: 2F
0-2: Ball
1-2: SINGLE (Line Drive, 4MD)
Hieronymus Bosch to second
Batting: RHB Phillip Mendizabal 0-0: Called Strike
0-1: Swinging Strike
0-2: Strikes out swinging
Batting: RHB David Rivas 0-0: Called Strike
0-1: Swinging Strike
0-2: Ball
1-2: Strikes out swinging
Top of the 7th over - 2 run(s), 3 hit(s), 0 error(s), 2 left on base; Phoenix Hotspur 6 - Salem 6
BOTTOM OF THE 7TH
Salem Misfits batting - Pitching for Phoenix Hotspur Youth : LHP Iván Vélez
Batting: RHB Ramón Ávila 0-0: Foul Ball, location: 2F
0-1: Ball
1-1: Ground out 3-1 (Groundball, 34)
Batting: RHB Jorge Gómez 0-0: Called Strike
0-1: Called Strike
0-2: Ball
1-2: Strikes out looking
Batting: LHB Tyler Knopp 0-0: Ball
1-0: Ball
2-0: Ground out 5-3 (Groundball, 56)
Bottom of the 7th over - 0 run(s), 0 hit(s), 0 error(s), 0 left on base; Phoenix Hotspur 6 - Salem 6
TOP OF THE 8TH
Phoenix Hotspur Youth batting - Pitching for Salem Misfits : LHP Suezo Amano
Batting: RHB Carl Tucker 0-0: Swinging Strike
0-1: Foul Ball, location: 2F
0-2: Ground out U3 (Groundball, 34)
Batting: RHB Bernardo Rivera 0-0: Called Strike
0-1: Ball
1-1: Ball
2-1: Ball
3-1: Base on Balls
Batting: RHB Julián De Paz 0-0: Called Strike
0-1: Called Strike
0-2: Ball
1-2: Ball
2-2: SINGLE (Groundball, 34D)
Bernardo Rivera to second
Runner from 2nd tries for 3rd, SAFE, throw made to third
Batting: RHB Eric Conway 0-0: Foul Ball, location: 2F
0-1: SINGLE (Groundball, 34D)
Bernardo Rivera scores
Julián De Paz to second
Runner from 2nd tries for 3rd, SAFE, throw made to third
Batting: LHB António Escalante 0-0: Ground out 4-3 (Groundball, 4S)
Julián De Paz scores
Eric Conway to second
Batting: RHB Hieronymus Bosch 0-0: Ball
1-0: Ball
2-0: Ball
3-0: Base on Balls
Pitching: RHP Kelly Henry
Pinch Hitting: LHB Kenny Scott 0-0: Ball
1-0: Ball
2-0: Called Strike
2-1: Ground out U3 (Groundball, 3)
Top of the 8th over - 2 run(s), 2 hit(s), 0 error(s), 2 left on base; Phoenix Hotspur 8 - Salem 6
BOTTOM OF THE 8TH
Salem Misfits batting - Pitching for Phoenix Hotspur Youth : LHP Iván Vélez
Now at SS: Kenny Scott
Batting: LHB Austin Hathaway 0-0: Ball
1-0: Ball
2-0: Ball
3-0: Foul Ball, location: 2F
3-1: Swinging Strike
3-2: Foul Ball, location: 2F
3-2: Strikes out swinging
Batting: LHB Cris Gonzáles 0-0: Ground out U3 (Groundball, 3)
Batting: RHB Vicente Andros 0-0: Called Strike
0-1: Ball
1-1: Ground out 4-3 (Groundball, 4M)
Bottom of the 8th over - 0 run(s), 0 hit(s), 0 error(s), 0 left on base; Phoenix Hotspur 8 - Salem 6
TOP OF THE 9TH
Phoenix Hotspur Youth batting - Pitching for Salem Misfits : RHP Kelly Henry
Batting: RHB Phillip Mendizabal 0-0: Ball
1-0: Ground out 5-3 (Groundball, 56S)
Batting: RHB David Rivas 0-0: Called Strike
0-1: Ball
1-1: Ball
2-1: Ball
3-1: Foul Ball, location: 2F
3-2: Fly out, F8 (Line Drive, 8RM)
Batting: RHB Carl Tucker 0-0: Ball
1-0: Ground out 1-3 (Groundball, 13S)
Top of the 9th over - 0 run(s), 0 hit(s), 0 error(s), 0 left on base; Phoenix Hotspur 8 - Salem 6
BOTTOM OF THE 9TH
Salem Misfits batting - Pitching for Phoenix Hotspur Youth : LHP Iván Vélez
Pitching: RHP Richard Osborn
Batting: RHB Ryan Fiore 0-0: Ball
1-0: Called Strike
1-1: Fly out, F8 (Flyball, 8LM)
Batting: RHB Paul O'Neill 0-0: Swinging Strike
0-1: Ground out 5-3 (Groundball, 56S)
Batting: LHB Rodrigo Gómez 0-0: Ball
1-0: Ball
2-0: Ball
3-0: Base on Balls
Batting: RHB Ramón Ávila 0-0: Called Strike
0-1: Ball
1-1: Foul Ball, location: 2F
1-2: Ball
2-2: Strikes out looking
Bottom of the 9th over - 0 run(s), 0 hit(s), 0 error(s), 1 left on base; Phoenix Hotspur 8 - Salem 6
Thursday, August 31st, 2017 - OOTP Baseball 17.12 Build 75